 Dungeon Crawl Stone Soup version 0.25-a0-290-g4a1327ee3a (webtiles) character file.

Game seed: 16801610626177733168, levelgen mode: deterministic

3651 night the Grappler (level 9, -1/92 HPs)
             Began as a Troll Fighter on Dec 14, 2019.
             Was a Priest of Zin.
             Slain by a gargoyle
             ... wielding a +0 flail
              (13 damage)
             ... on level 7 of the Dungeon.
             The game lasted 00:14:34 (5179 turns).

night the Grappler (Troll Fighter)                  Turns: 5179, Time: 00:14:35

Health: -1/92      AC:  7    Str: 32    XL:     9   Next: 88%
Magic:  8/8        EV:  9    Int:  5    God:    Zin [***...]
Gold:   283        SH: 10    Dex:  9    Spells: 8/8 levels left

rFire    + . .     SeeInvis .     - Unarmed
rCold    . . .     Gourm    +   b - +0 shield
rNeg     . . .     Faith    .   a - +0 robe
rPois    .         Spirit   .   l - +0 hat
rElec    .         Reflect  .   G - +0 cloak
rCorr    .         Harm     .   (gloves unavailable)
MR       .....                  (boots unavailable)
Stlth    +.........             (no amulet)
HPRegen  0.65/turn              n - +4 ring of strength
MPRegen  0.11/turn              t - ring of protection from fire

@: no status effects
A: large, unfitting armour, claws 3, fast metabolism 3, gourmand, regeneration
1, shaggy fur 1, tough skin 3
a: Recite, Vitalisation, Imprison, Donate Gold, Renounce Religion


You were on level 7 of the Dungeon.
You worshipped Zin.
Zin was most pleased with you.
You were not hungry.

You visited 2 branches of the dungeon, and saw 8 of its levels.

You collected 433 gold pieces.
You spent 119 gold pieces at shops.
You donated 31 gold pieces to Zin.

Inventory:

Missiles
 h - 212 stones
 j - 13 boomerangs
 q - 3 large rocks
 r - 44 sling bullets
 w - 18 poisoned darts (quivered)
Armour
 a - a +0 robe (worn)
 b - a +0 shield (worn)
 l - a +0 hat (worn)
 G - a +0 cloak (worn)
Jewellery
 n - a +4 ring of strength (left claw)
 t - a ring of protection from fire (right claw)
 F - an uncursed ring of wizardry
Wands
 s - a wand of iceblast (12)
 z - a wand of flame (14)
 C - a wand of acid (13)
Scrolls
 f - a scroll of enchant armour {unknown}
 g - a scroll of amnesia
 i - 2 scrolls of magic mapping
 p - 2 scrolls of remove curse
 v - 5 scrolls of teleportation
 y - a scroll of enchant weapon
 D - a scroll of blinking
 E - 3 scrolls of identify
 I - 2 scrolls of random uselessness {unknown}
Potions
 c - a potion of might
 e - 2 potions of flight {unknown}
 k - a potion of invisibility
 m - 6 potions of curing
 o - a potion of berserk rage {unknown}
 u - 2 potions of lignification {unknown}
 x - a potion of magic
 A - 2 potions of heal wounds {unknown}
 B - a potion of mutation {unknown}
 H - a potion of haste {unknown}
Comestibles
 d - 8 rations


   Skills:
 + Level 6.8 Fighting
 - Level 2.4 Dodging
 + Level 5.0 Shields
 * Level 10.9 Unarmed Combat


You had 8 spell levels left.
You didn't know any spells.
Your spell library contained the following spells:

 Spells                   Type           Power        Failure   Level  Hunger
 Summon Small Mammal      Summ           #...         77%         1    ##.....
 Call Imp                 Summ           #.......     88%         2    ###....
 Call Canine Familiar     Summ           #.......     98%         3    ####...
 Summon Guardian Golem    Hex/Summ       #.......     98%         3    ####...
 Summon Ice Beast         Ice/Summ       #.......     100%        4    #####..
 Summon Lightning Spire   Summ/Air       #.......     100%        4    #####..


Dungeon Overview and Level Annotations

Branches:
Dungeon (7/15)             Temple (1/1) D:5

Altars:
Ashenzari
Cheibriados
Dithmenos
Elyvilon
Gozag
Hepliaklqana
Kikubaaqudgha
Makhleb
Nemelex Xobeh
Okawaru
Ru
Sif Muna
Trog
Uskayaw
Vehumet
Wu Jian
Xom
Yredelemnul
Zin
The Shining One

Shops:
D:4 **?[   D:6 %


Innate Abilities, Weirdness & Mutations

You are too large for most types of armour.
You have claws for hands.
Your metabolism is lightning-fast.
You like to eat raw meat.
Your natural rate of healing is unusually fast.
You are covered in fur. (AC +1)
You have extremely tough skin. (AC +3)


Message History

You claw the ogre!
You kill the ogre!
A gargoyle comes into view. It is wielding a +0 flail.
You clear your throat and prepare to recite. "Yea, I say unto thee, bring forth..."
The orc priest is blasted by the fury of Zin!
You kill the orc priest! "...the amorphous wretches that they may know..." "...the wrath of Zin, and thus be condemned!"
You finish reciting Apostates 10:9.
The gargoyle hurls a stone arrow at you.
The stone arrow hits you!!
* * * LOW HITPOINT WARNING * * *
You scratch the gargoyle.
The gargoyle is lightly damaged.
You block the gargoyle's attack.
You scratch the gargoyle but do no damage.
The gargoyle is lightly damaged.
The gargoyle hits you with a +0 flail!
You die...

...########.........
##.......รท...######
##########...# #.#.#
#####.#.####
#..........#
#.###.#.##.#
#.#.##.# #.#.##@#
#.#.##9#
#.....).......
###..###$....# #..
...... ## ####.


You could see a gargoyle.

Vanquished Creatures
  Pikel (D:5)
  An ugly thing (D:7)
  Grinder (D:4)
  The ghost of twoshot the Magician, an amateur GnWz of Ashenzari (D:5)
  Sigmund (D:4)
  Eustachio (D:4)
  A wyvern (D:5)
  Menkaure (D:5)
  2 phantoms
  A slave (D:5)
  4 ogres
  A centaur (D:5)
  Blork the orc (D:5)
  3 bullfrogs
  A scorpion (D:4)
  4 killer bees (D:7)
  2 bullfrog zombies (D:5)
  2 crimson imps (D:5)
  A quasit (D:4)
  2 jellies
  2 orc priests
  2 hounds
  A bullfrog skeleton (D:4)
  4 orc wizards
  A worker ant (D:7)
  A worker ant zombie (D:7)
  11 adders
  A shadow imp (D:5)
  2 oozes
  An adder skeleton (D:5)
  A worm (D:3)
  2 dart slugs
  A leopard gecko (D:3)
  19 orcs
  8 bats
  5 giant cockroaches
  7 goblins
  9 hobgoblins
  16 jackals
  6 kobolds
  2 quokkas
  A ball python (D:3)
  3 frilled lizards
  6 rats
144 creatures vanquished.

Vanquished Creatures (others)
  A leopard gecko (D:5)
  7 fungi (D:4)
8 creatures vanquished.

Grand Total: 152 creatures vanquished

Notes
Turn   | Place    | Note
-------+----------+-------------------------------------------
     0 | D:1      | night the Troll Fighter began the quest for the Orb.
     0 | D:1      | Reached XP level 1. HP: 22/22 MP: 0/0
   109 | D:1      | Reached XP level 2. HP: 29/29 MP: 1/1
   241 | D:1      | Reached skill level 3 in Unarmed Combat
   589 | D:2      | Reached XP level 3. HP: 36/36 MP: 2/2
   775 | D:2      | Found a shadowy altar of Dithmenos.
   862 | D:2      | Reached XP level 4. HP: 45/45 MP: 3/3
  1399 | D:3      | Reached skill level 4 in Unarmed Combat
  1408 | D:3      | Found a snail-covered altar of Cheibriados.
  1441 | D:3      | Found an ornate altar of the Wu Jian Council.
  1442 | D:3      | Found a shadowy altar of Dithmenos.
  1442 | D:3      | Found a shimmering altar of Xom.
  1812 | D:3      | Reached XP level 5. HP: 53/53 MP: 4/4
  2024 | D:4      | Noticed Sigmund
  2037 | D:4      | Killed Sigmund
  2037 | D:4      | Reached skill level 5 in Unarmed Combat
  2037 | D:4      | Reached XP level 6. HP: 54/62 MP: 5/5
  2081 | D:4      | Found Roarchiva's Magic Scroll Shoppe.
  2113 | D:4      | Bought a scroll of magic mapping for 49 gold pieces
  2113 | D:4      | Bought a scroll of teleportation for 42 gold pieces
  2113 | D:4      | Bought a scroll of identify for 28 gold pieces
  2183 | D:4      | Noticed Grinder
  2197 | D:4      | Killed Grinder
  2197 | D:4      | Reached skill level 6 in Unarmed Combat
  2197 | D:4      | Reached XP level 7. HP: 64/71 MP: 6/6
  2502 | D:4      | Found Sedeul's Antique Armour Boutique.
  2545 | D:4      | Found Miekhlic's Assorted Antiques.
  2716 | D:4      | Noticed Eustachio
  2729 | D:4      | Killed Eustachio
  2729 | D:4      | Reached skill level 7 in Unarmed Combat
  2900 | D:4      | Found Ceomumosopn's Assorted Antiques.
  2959 | D:5      | Entered Level 5 of the Dungeon
  2967 | D:5      | Noticed Menkaure
  2971 | D:5      | Killed Menkaure
  2971 | D:5      | Reached skill level 5 in Fighting
  2971 | D:5      | Reached XP level 8. HP: 80/80 MP: 7/7
  3006 | D:5      | Reached skill level 8 in Unarmed Combat
  3107 | D:5      | Found a runed translucent gate.
  3107 | D:5      | Found a runed translucent gate.
  3115 | D:5      | Found a staircase to the Ecumenical Temple.
  3129 | D:5      | Noticed Pikel
  3144 | D:5      | Killed Pikel
  3144 | D:5      | Reached skill level 9 in Unarmed Combat
  3159 | Temple   | Entered the Ecumenical Temple
  3326 | Temple   | Became a worshipper of Zin the Law-Giver
  3326 | Temple   | Reached * piety under Zin
  3379 | D:5      | Found a runed translucent gate.
  3383 | D:5      | Noticed twoshot's ghost (amateur GnWz)
  3409 | D:5      | Killed twoshot's ghost
  3409 | D:5      | Reached XP level 9. HP: 78/89 MP: 8/8
  3705 | D:5      | Noticed Blork the orc
  3713 | D:5      | Killed Blork the orc
  3865 | D:6      | Reached ** piety under Zin
  3971 | D:6      | Paralysed by fainting for 7 turns
  4354 | D:6      | Reached skill level 10 in Unarmed Combat
  4360 | D:6      | Found Fasuen's Food Boutique.
  4406 | D:6      | Found a basalt altar of Yredelemnul.
  4453 | D:6      | Paralysed by fainting for 6 turns
  4803 | D:7      | Reached *** piety under Zin
  5020 | D:7      | Found a white marble altar of Elyvilon.
  5150 | D:7      | Noticed a red ugly thing
  5166 | D:7      | Killed a red ugly thing
  5166 | D:7      | Reached skill level 5 in Shields
  5171 | D:7      | Noticed a gargoyle
  5179 | D:7      | Slain by a gargoyle

Levels and vault maps discovered:
D:1:      dpeg_arrival_chase, layout_basic
D:2:      layout_basic, minivault_14, nicolae_dithmenos_through_a_glass_darkly
D:3:      layout_loops_cross, cheibriados_altar_1,
          chequers_temple_overflow_statue_of_worship, first_ration
D:4:      layout_loops_ring, serial_shops, shop,
          nicolae_shop_overgrown_old_shop, shop, nicolae_shop_window_shopping,
          serial_aquarium, aquarium_bridge_island_small
          [aquarium_subvault_small_open, aquarium_subvault_wall,
          aquarium_subvault_wall, aquarium_subvault_bridge,
          aquarium_subvault_window], aquarium_window_fake, aquarium_window_1,
          aquarium_window_1, aquarium_window_corner, aquarium_view_2c,
          aquarium_balcony_3a, uniq_sigmund, uniq_eustachio, uniq_grinder
D:5:      layout_rooms, minmay_temple_entry_water_ring,
          gammafunk_ghost_necromancy, uniq_blork_the_orc, uniq_menkaure,
          uniq_pikel
D:6:      layout_loops_cross, nicolae_overflow_hidden_temple, serial_shops, shop
D:7:      layout_loops_ring, grunt_temple_overflow_forces_of_nature,
          lemuel_round_altar, minivault_14, grunt_livestock,
          minmay_misc_feat_alley
Temple:   eino_narrow_crystal_temple

Skill      XL: |  1  2  3  4  5  6  7  8  9 |
---------------+----------------------------+-----
Unarmed Combat | 3 4 5 6 7 9 10 | 10.9
Fighting       | 3 4 5 6 |  6.8
Shields        | 3 5 |  5.0
Dodging        | |  2.4

Action                   |  1- 3 |  4- 6 |  7- 9 || total
-------------------------+-------+-------+-------++-------
Melee: Unarmed           |    77 |   126 |   248 ||   451
Throw: Dart              |       |       |     7 ||     7
Invok: Recite            |       |       |     1 ||     1
  Use: Scroll            |       |     6 |     2 ||     8
 Stab: Sleeping          |       |     2 |       ||     2
  Eat: Chunk             |    13 |    13 |    13 ||    39
       Ration            |       |       |     2 ||     2
Armor: Robe              |    35 |    54 |    46 ||   135
Dodge: Dodged            |    22 |    45 |    41 ||   108
Block: Shield            |    40 |    48 |    93 ||   181

Table legend:
 A = Non-vault XP
 B = Vault XP
 C = Vault XP percentage of total XP
 D = Non-vault monster count
 E = Vault monster count
 F = Vault count percentage of total count
                 A         B        C        D         E       F
            +---------+---------+-------+---------+---------+-------
      Total |    3199 |    2017 |  38.7 |     133 |      10 |   7.0
            +---------+---------+-------+---------+---------+-------
        D:1 |      39 |       0 |   0.0 |      23 |       0 |   0.0
        D:2 |      84 |       0 |   0.0 |      22 |       0 |   0.0
        D:3 |     107 |       0 |   0.0 |      25 |       0 |   0.0
        D:4 |     374 |     715 |  65.7 |      17 |       3 |  15.0
        D:5 |     905 |    1302 |  59.0 |      15 |       7 |  31.8
        D:6 |     134 |       0 |   0.0 |       9 |       0 |   0.0
        D:7 |    1556 |       0 |   0.0 |      22 |       0 |   0.0
            +---------+---------+-------+---------+---------+-------
